 Dungeon Crawl Stone Soup version 0.32-a0-520-g344ed53f66 (webtiles) character file.

Game seed: 9326514639527749993

219 javelincjr the Grasshopper (level 5, 0/40 HPs)
             Began as a Demonspawn Warper on Feb 27, 2024.
             Slain by an orc
             ... wielding a +0 mace of holy wrath
              (8 damage)
             ... on level 4 of the Dungeon.
             The game lasted 00:09:22 (2679 turns).

javelincjr the Grasshopper (Demonspawn Warper)      Turns: 2679, Time: 00:09:22

Health: 0/40       AC:  8    Str: 14    XL:     5   Next: 63%
Magic:  8/9        EV: 11    Int: 13    God:
Gold:   172        SH:  0    Dex: 12    Spells: 5/9 levels left

rFire   . . .        a - +0 spear
rCold   . . .        (no shield)
rNeg    . . .        n - +0 ring mail
rPois   .            (no helmet)
rElec   .            (no cloak)
rCorr   .            (no gloves)
SInv    .            u - +0 pair of boots {Fly}
Will    .....        (no amulet)
Stlth   +            (no ring)
HPRegen 0.26/turn    (no ring)
MPRegen 0.11/turn

%: no passive effects
@: flying
A: icy blue scales 1, ignite blood 1, weakness stinger 1
a: no special abilities


You were on level 4 of the Dungeon.
You visited 1 branch of the dungeon, and saw 4 of its levels.

You collected 172 gold pieces.

Inventory:

Hand Weapons
 a - a +0 spear (weapon)
 e - a +0 sling
 r - a +0 dagger of flaming
Missiles
 d - 7 darts of dispersal
Armour
 h - a +0 chain mail
 n - a +0 ring mail (worn)
 p - a +0 scale mail
 u - a +0 pair of boots of flying (worn)
Scrolls
 c - a scroll of blinking
 i - a scroll of enchant armour {unknown}
 k - a scroll of immolation {unknown}
 l - a scroll of revelation {unknown}
 m - a scroll of vulnerability {unknown}
 o - a scroll of noise {unknown}
 q - 3 scrolls of identify {unknown}
 s - a scroll of poison {unknown}
Potions
 f - 3 potions of enlightenment {unknown}
 g - 2 potions of haste {unknown}
 j - a potion of invisibility {unknown}
 t - a potion of might {unknown}
 v - 2 potions of attraction {unknown}


   Skills:
 + Level 2.8 Fighting
 + Level 2.5 Polearms
 - Level 0.8 Throwing
 + Level 2.1 Armour
 + Level 2.6 Dodging
 + Level 2.7 Spellcasting
 * Level 3.5 Translocations
 + Level 0.6 Evocations


You had 5 spell levels left.
You knew the following spells:

 Your Spells              Type           Power      Damage    Failure   Level
a - Blink                 Tloc           20%        N/A       17%         2
b - Lesser Beckoning      Tloc           20%        N/A       17%         2

Your spell library contained the following spells:

 Spells                   Type           Power      Damage    Failure   Level
 Teleport Other           Tloc           10%        N/A       32%         3
 Manifold Assault         Tloc           10%        N/A       73%         4
 Vhi's Electric Charge    Tloc/Air       12%        N/A       92%         4


Dungeon Overview and Level Annotations

Branches:
Dungeon (4/15)
 Temple: D:4-7

Altars:

Shops:
D:1 [   D:3 [


Innate Abilities, Weirdness & Mutations

You are partially covered in icy blue scales. (AC +2)
Your demonic aura sometimes causes spilled blood to erupt in flames.
You have a small tail.


Message History

Blork the orc is severely wounded.
Blork the orc points at you and mumbles some strange words.
The puff of flame hits you.
You reach to attack!
You barely miss Blork the orc.
Blork the orc is severely wounded.
Blork the orc hits you from afar with a +0 halberd.
You reach to attack!
You hit Blork the orc but do no damage.
Blork the orc is almost dead.
Blork the orc barely misses you.
Reach: a) +0 spear
Press: ? - help, Dir - move target, f/p - Blork the orc
Aim: Blork the orc, wielding a +0 halberd and wearing a +0 robe (almost dead, poisoned, about 35% to evade your +0 spear)
You reach to attack!
You barely miss Blork the orc.
Blork the orc is almost dead.
Blork the orc looks angry.
Blork the orc gestures at you while chanting.
The puff of frost hits you.
Reach: a) +0 spear
Press: ? - help, Dir - move target, f/p - Blork the orc
Aim: Blork the orc, wielding a +0 halberd and wearing a +0 robe (almost dead, poisoned, about 35% to evade your +0 spear)
You reach to attack!
You hit Blork the orc but do no damage.
Blork the orc is almost dead.
Blork the orc hits you from afar with a +0 halberd!
Reach: a) +0 spear
Press: ? - help, Dir - move target, f/p - Blork the orc
Aim: Blork the orc, wielding a +0 halberd and wearing a +0 robe (almost dead, poisoned, about 35% to evade your +0 spear)
You reach to attack!
You hit Blork the orc.
You kill Blork the orc!
Reach: a) +0 spear
Press: ? - help, Dir - move target, f - orc
Aim: an orc, wielding a +0 mace of holy wrath and wearing a +0 scale mail (about 35% to evade your +0 spear)
You reach to attack!
You hit the orc.
The orc is moderately wounded.
You completely miss the orc.
You tail-slap the orc, but do no damage.
The orc is moderately wounded.
The orc hits you with a +0 mace of holy wrath!
* * * LOW HITPOINT WARNING * * *
You convulse!
You die...

#.# .##.# ..#.#
#.#.# . #.#.# #.#
#.#.# .... # #.#.#
....#
....##.#.###.....#
#..()o@.<.†......
#.#####.##.......
#.# ....... #.#
.##.##. #.# .# #
#.# .# #.# .# #.#
.#


You could see an orc.

Vanquished Creatures
  Blork the orc (D:4)
  A hound (D:4)
  Jessica (D:2)
  Terence (D:2)
  An adder (D:2)
  An orc (D:3)
  3 endoplasms (D:1)
  2 giant cockroaches (D:1)
  11 goblins
  4 hobgoblins
  7 jackals (D:1)
  8 kobolds
  A quokka (D:2)
  4 ball pythons
  2 bats
  4 frilled lizards
  8 rats
60 creatures vanquished.

Notes
Turn   | Place    | Note
-------+----------+-------------------------------------------
     0 | D:1      | javelincjr the Demonspawn Warper began the quest for the
                  | Orb.
     0 | D:1      | Reached XP level 1. HP: 16/16 MP: 3/3
    22 | D:1      | Reached skill level 1 in Armour
    43 | D:1      | Gained mutation: You have a small tail. [demonic ancestry]
    43 | D:1      | Reached XP level 2. HP: 4/22 MP: 5/5
   406 | D:1      | Gained mutation: You are partially covered in icy blue
                  | scales. (AC +2) [demonic ancestry]
   406 | D:1      | Reached XP level 3. HP: 24/27 MP: 6/6
   542 | D:1      | You fall into a shaft and drop 1 floor!
   571 | D:2      | Noticed Terence
   586 | D:2      | Killed Terence
   587 | D:2      | Reached skill level 3 in Translocations
   748 | D:1      | Found Nian Zurph's Antique Armour Shop.
  1315 | D:2      | Gained mutation: Your demonic aura sometimes causes spilled
                  | blood to erupt in flames. [demonic ancestry]
  1315 | D:2      | Reached XP level 4. HP: 34/34 MP: 7/7
  1468 | D:2      | Noticed Jessica
  1477 | D:2      | Killed Jessica
  2174 | D:3      | Found Coloimm's Armour Shoppe.
  2290 | D:3      | Learned a level 2 spell: Blink
  2293 | D:3      | Learned a level 2 spell: Lesser Beckoning
  2661 | D:4      | Reached XP level 5. HP: 31/39 MP: 8/8
  2661 | D:4      | Noticed Blork the orc
  2677 | D:4      | Killed Blork the orc
  2679 | D:4      | Slain by an orc

Illustrated notes

Levels and vault maps discovered:
D:1:      wander_arrival_peaceful_grave, layout_loops_ring, serial_shops,
          shop_statue, serial_forest, infiniplex_forest_straight_4,
          infiniplex_forest_lined_corner, infiniplex_forest_lined_room_2,
          infiniplex_forest_end_1, infiniplex_forest_straight_2,
          infiniplex_forest_lined_corner, infiniplex_forest_end_2,
          infiniplex_forest_straight_4, infiniplex_forest_zigzag_1,
          minmay_circled_x
D:2:      layout_basic, uniq_terence, uniq_jessica
D:3:      layout_loops_corners, serial_shops, shop
D:4:      layout_loops_ring, hangedman_ru_absence, lemuel_temple_firewalk_b,
          ebering_ghost_inner_flame, minmay_checkerbox, uniq_blork_the_orc

Skill      XL: |  1  2  3  4 |
---------------+-------------+-----
Armour         | 1 2 |  2.1
Polearms       | 2 |  2.5
Dodging        | 2 |  2.6
Translocations | 3 |  3.5
Fighting       | |  2.8
Throwing       | |  0.8
Spellcasting   | |  2.7
Evocations     | |  0.6

Action                     |  1- 3 |  4- 6 || total
---------------------------+-------+-------++-------
  Melee: Spear             |   151 |    86 ||   237
         Tailslap          |    13 |    10 ||    23
  Throw: Dart              |       |     2 ||     2
   Stab: Sleeping          |     2 |       ||     2
 Armour: Leather armour    |    74 |       ||    74
         Ring mail         |     3 |    36 ||    39
  Dodge: Dodged            |    74 |    30 ||   104

Table legend: (Time is in decaauts)
 A = Elapsed time spent in this place.
 B = Non-inter-level travel time spent in this place.
 C = Inter-level travel time spent in this place.
 D = Time resting spent in this place.
 E = Time spent auto-exploring this place.
 F = Levels seen in this place.
 G = Mean time per level.
                   A        B        C        D        E       F      G
               +--------+--------+--------+--------+--------+-----+--------+
         Total |   2677 |   2548 |    129 |    118 |   1988 |   4 |  669.2 |
       Dungeon |   2677 |   2548 |    129 |    118 |   1988 |   4 |  669.2 |
               +--------+--------+--------+--------+--------+-----+--------+

Top non-repeatable levels by time:
     D:1: 1019 daAuts
     D:3: 852 daAuts
     D:2: 771 daAuts
     D:4: 35 daAuts
